 Dungeon Crawl Stone Soup version 0.28.0-43-g3370ac3207 (webtiles) character file.

Game seed: 14601812993105097072

4778 tizbic2 the Fighter (level 10, -1/148 HPs)
             Began as an Ogre Gladiator on Mar 17, 2022.
             Was an Elder of Hepliaklqana.
             Slain by a killer bee (2 damage)
             ... on level 7 of the Dungeon.
             The game lasted 00:24:29 (6644 turns).

tizbic2 the Fighter (Ogre Gladiator)                Turns: 6644, Time: 00:24:32

Health: -1/148     AC: 32    Str: 22    XL:     10   Next: 47%
Magic:  10/10      EV:  1    Int:  9    God:    Hepliaklqana [****..]
Gold:   275        SH:  0    Dex: 12    Spells: 9/9 levels left

rFire   . . .      SeeInvis .   o - +4 flail (protect)
rCold   . . .      Faith    .   (no shield)
rNeg    . . .      Spirit   .   (armour currently unavailable)
rPois   +          Reflect  .   (helmet currently unavailable)
rElec   .          Harm     .   (cloak currently unavailable)
rCorr   .          Rampage  .   (gloves unavailable)
Will    +....      NoTele   +   (boots unavailable)
Stlth   +.........              (no amulet)
HPRegen 0.34/turn               (no ring)
MPRegen 0.12/turn               (no ring)

@: lethally poisoned (-1 -> -4), tree-form, under a protective aura
A: stationary, stasis, torment immunity, boosted hp, reduced essence, large,
unfitting armour, (tough skin 1)
a: Renounce Religion, Recall Ancestor, Ancestor Identity, Transference, Idealise


You were on level 7 of the Dungeon.
You worshipped Hepliaklqana.
Hepliaklqana was greatly pleased with you.
You were a tree.
You visited 1 branch of the dungeon, and saw 8 of its levels.

You collected 275 gold pieces.

Inventory:

Hand Weapons
 o - a +4 flail of protection (weapon)
 u - a +0 giant club
 v - a +1 whip of flaming
 A - a +1 rapier of venom
Missiles
 a - 5 curare-tipped darts
 d - 3 throwing nets
 f - 16 poisoned darts
 h - 115 stones (quivered)
 m - 6 javelins
 n - 3 boomerangs
 r - 2 datura-tipped darts
Armour
 c - a +0 hat (melded)
 C - +0 steam dragon scales (melded)
Jewellery
 s - a ring of ice
Wands
 x - a wand of charming (7)
 y - a wand of acid (5)
 D - a wand of flame (7)
 F - a wand of iceblast (14)
Scrolls
 b - a scroll of identify
 g - 2 scrolls of immolation
 j - 3 scrolls of enchant weapon {unknown}
 l - 2 scrolls of blinking
 t - 2 scrolls of teleportation
 w - a scroll of fear {unknown}
 z - a scroll of fog {unknown}
 E - a scroll of enchant armour {unknown}
Potions
 i - 3 potions of lignification
 k - 2 potions of invisibility
 p - a potion of haste
 q - a potion of brilliance
 G - a potion of attraction {unknown}


   Skills:
 + Level 10.2 Fighting
 * Level 9.8 Maces & Flails
 + Level 8.4 Throwing
 - Level 2.8 Dodging


You had 9 spell levels left.
You didn't know any spells.
Your spell library contained the following spells:

 Spells                   Type           Power      Damage    Failure   Level
 Summon Small Mammal      Summ           0%         N/A       38%         1
 Ensorcelled Hibernation  Hex/Ice        0%         N/A       52%         2
 Passwall                 Tmut/Erth      0%         N/A       52%         2
 Call Canine Familiar     Summ           0%         N/A       77%         3
 Dazzling Flash           Conj/Hex       0%         N/A       77%         3
 Summon Guardian Golem    Hex/Summ       0%         N/A       77%         3
 Swiftness                Air            0%         N/A       77%         3
 Agony                    Necr           0%         N/A       100%        5
 Fireball                 Conj/Fire      0%         3d3       100%        5
 Iskenderun's Battlesphe  Conj           0%         2d6       100%        5
 Silence                  Hex/Air        0%         N/A       100%        5
 Conjure Ball Lightning   Conj/Air       0%         3x3d6     100%        6
 Orb of Destruction       Conj           0%         9d5       100%        7
 Borgnjor's Revivificati  Necr           0%         N/A       100%        8
 Necromutation            Tmut/Necr      0%         N/A       100%        8
 Death's Door             Necr           0%         N/A       100%        9


Dungeon Overview and Level Annotations

Branches:
Dungeon (8/15)             Temple (0/1) D:6
   Lair: D:8-11

Altars:
Dithmenos
Elyvilon
Fedhas
Hepliaklqana
Kikubaaqudgha
Nemelex Xobeh
Xom

Shops:
D:5 (


Innate Abilities, Weirdness & Mutations

You are a tree.
Your roots penetrate the ground, keeping you stationary.
You cannot be teleported.
You are immune to unholy pain and torment.
Your maximum health is greatly increased.
Your equipment is partially melded.
Your life essence is reduced to manifest your ancestor. (-10% HP)
You are too large for most types of armour.
((You have tough skin. (AC +1)))


Message History

You feel very sick. The killer bee misses you.
The killer bee closely misses you.
The killer bee stings you but does no damage.
The killer bee barely misses you.
You hit the killer bee but do no damage.
The killer bee is almost dead.
You feel sick. The killer bee stings you.
* * * LOW HITPOINT WARNING * * *
The killer bee stings you.
* * * LOW HITPOINT WARNING * * *
The killer bee stings you but does no damage. x2
Really quaff the potion of lignification?
You turn into a tree.
Your +0 hat melds into your body.
Your +0 steam dragon scales melds into your body.
Your roots penetrate the ground.
You feel sick.
The killer bee stings you but does no damage.
The killer bee stings you.
* * * LOW HITPOINT WARNING * * *
The killer bee stings you but does no damage. x2
You closely miss the killer bee.
The killer bee is almost dead.
You feel sick.
The killer bee stings you but does no damage. x2
The killer bee stings you.
* * * LOW HITPOINT WARNING * * *
The killer bee stings you but does no damage.
You barely miss the killer bee.
The killer bee is almost dead.
You feel sick.
The killer bee stings you but does no damage.
The killer bee stings you.
* * * LOW HITPOINT WARNING * * *
Unknown command.
You closely miss the killer bee.
The killer bee is almost dead.
* * * LOW HITPOINT WARNING * * *
You feel sick.
The killer bee stings you but does no damage.
The killer bee stings you.
You die...

### ##########.##.# ..#
#..#.# #.############
##'#.###### #............#
#.........# #...)........#
#.........# #............#
#.........# #............#
#.........#
#..^.........###.y.......#
#...............♣y.......#
#.#######'#####....>.....#
#. #.# #..........#
#.#######.# #..........#
#.........# #..........#
########### #..........#
#.#'######## #.#.# #.#.#


You could see 2 killer bees.

Vanquished Creatures
  Pikel (D:6)
  Grinder (D:3)
  2 yaks (D:8)
  2 basilisks (D:8)
  A steam dragon (D:7)
  A water moccasin (D:8)
  A hornet zombie (D:8)
  2 ice beasts (D:6)
  A black bear (D:7)
  A necrophage (D:7)
  2 ogres
  A lemure (D:6)
  A phantom (D:5)
  A kobold brigand (D:7)
  2 bullfrogs
  A water moccasin skeleton (D:5)
  3 killer bees (D:8)
  A wight (D:7)
  A hound (D:7)
  A bullfrog skeleton (D:7)
  3 iguanas
  A scorpion zombie (D:5)
  A killer bee zombie (D:7)
  2 adders
  A worm (D:3)
  7 orcs
  A bat (D:1)
  4 endoplasms
  4 giant cockroaches (D:1)
  3 hobgoblins
  3 jackals (D:1)
  9 kobolds
  3 quokkas
  3 ball pythons
  2 frilled lizards (D:3)
  6 goblins
  3 rats
83 creatures vanquished.

Vanquished Creatures (collateral kills)
  Prince Ribbit (D:7)
  2 yaks (D:8)
  A basilisk (D:8)
  A wyvern (D:8)
  Menkaure (D:7)
  A water moccasin (D:8)
  An ice beast (D:6)
  A sky beast (D:6)
  A black bear (D:5)
  2 ogres (D:6)
  2 lemures (D:6)
  Blork the orc (D:6)
  A wyvern zombie (D:8)
  2 bullfrogs
  A scorpion (D:6)
  A howler monkey (D:6)
  A centaur zombie (D:6)
  A hound (D:5)
  An iguana (D:4)
  An orc wizard (D:5)
  A killer bee zombie (D:8)
  3 adders
  A worm (D:2)
  A dart slug (D:4)
  9 orcs
  2 ball pythons (D:2)
  4 endoplasms
  A giant cockroach (D:3)
  A hobgoblin (D:2)
  A quokka (D:3)
  2 bats
  A frilled lizard (D:2)
  7 kobolds
  A rat (D:1)
59 creatures vanquished.

Vanquished Creatures (others)
  A knight (D:8)
  2 fungi (D:8)
  9 plants (D:8)
12 creatures vanquished.

Grand Total: 154 creatures vanquished

Notes
Turn   | Place    | Note
-------+----------+-------------------------------------------
     0 | D:1      | tizbic2 the Ogre Gladiator began the quest for the Orb.
     0 | D:1      | Reached XP level 1. HP: 22/22 MP: 1/1
    51 | D:1      | Reached skill level 3 in Fighting
    51 | D:1      | Reached XP level 2. HP: 30/31 MP: 2/2
    69 | D:1      | Found a faded altar of an unknown god.
   215 | D:1      | Prayed at the altar of an unknown god.
   215 | D:1      | Became a worshipper of Hepliaklqana the Forgotten
   215 | D:1      | Reached * piety under Hepliaklqana
   466 | D:1      | Reached XP level 3. HP: 24/33 MP: 3/3
   757 | D:2      | Found a shimmering altar of Xom.
   936 | D:2      | Reached ** piety under Hepliaklqana
   937 | D:2      | Remembered your ancestor Randolf as a knight
  1368 | D:3      | Found an ancient bone altar of Kikubaaqudgha.
  1369 | D:3      | Found a white marble altar of Elyvilon.
  1437 | D:3      | Reached XP level 4. HP: 41/41 MP: 4/4
  1523 | D:3      | You fall into a shaft and drop 1 floor!
  1571 | D:3      | Noticed Grinder
  1577 | D:3      | Paralysed by Grinder for 6 turns
  1591 | D:3      | Killed Grinder
  1592 | D:3      | Reached skill level 4 in Fighting
  1592 | D:3      | Reached XP level 5. HP: 18/49 MP: 5/5
  1592 | D:3      | Reached XP level 6. HP: 21/56 MP: 6/6
  2202 | D:4      | Reached skill level 5 in Fighting
  2265 | D:4      | Reached XP level 7. HP: 39/64 MP: 7/7
  2729 | D:5      | Entered Level 5 of the Dungeon
  2756 | D:5      | Found Zevyes's Weapon Shop.
  2771 | D:5      | Reached skill level 5 in Throwing
  3124 | D:5      | Reached skill level 5 in Maces & Flails
  3166 | D:5      | Reached *** piety under Hepliaklqana
  3257 | D:5      | Reached skill level 6 in Fighting
  3437 | D:6      | Noticed Blork the orc
  3451 | D:6      | Reached XP level 8. HP: 38/74 MP: 8/8
  3456 | D:6      | Killed Blork the orc
  3800 | D:6      | Reached skill level 7 in Fighting
  4105 | D:6      | Found a staircase to the Ecumenical Temple.
  4181 | D:6      | Found a blossoming altar of Fedhas.
  4449 | D:6      | Noticed Pikel
  4490 | D:6      | Killed Pikel
  4491 | D:6      | Reached skill level 8 in Fighting
  4491 | D:6      | Reached XP level 9. HP: 22/86 MP: 9/9
  4939 | D:7      | Found a large runed translucent door.
  4940 | D:7      | Found a large runed translucent door.
  4951 | D:7      | Found a sparkling altar of Nemelex Xobeh.
  4963 | D:7      | Found a shadowy altar of Dithmenos.
  5300 | D:7      | Reached **** piety under Hepliaklqana
  5340 | D:7      | Noticed Prince Ribbit
  5348 | D:7      | Killed Prince Ribbit
  5388 | D:7      | Noticed Menkaure
  5395 | D:7      | Killed Menkaure
  5396 | D:7      | Reached skill level 9 in Fighting
  5955 | D:8      | Reached XP level 10. HP: 80/96 MP: 10/10
  5992 | D:8      | HP: 4/99 [yak (13)]
  5995 | D:8      | Reached skill level 10 in Fighting
  6642 | D:7      | HP: 7/148 [killer bee (1)]
  6643 | D:7      | HP: 2/148 [killer bee (5)]
  6644 | D:7      | Slain by a killer bee

Illustrated notes

Levels and vault maps discovered:
D:1:      mushboom_english_gardens, layout_basic,
          hellmonk_ecumenical_altar_blasted
D:2:      layout_loops_cross, basic_altar
D:3:      layout_basic, amethyst_overflow_temple_binary,
          chequers_serial_rivers_room_b, uniq_grinder
D:4:      layout_basic
D:5:      layout_cave_pools, serial_shops, shop
D:6:      layout_rooms, fedhas_ov_isle_minmay, temple_hall, uniq_pikel,
          uniq_blork_the_orc
D:7:      layout_basic, jmf_multi_god_temple2, uniq_prince_ribbit1,
          uniq_menkaure
D:8:      layout_rooms, minmay_lair_entry_grove, serial_undead, serial_undead_a,
          serial_undead_c, serial_undead_e, serial_undead_e, serial_undead_b,
          serial_undead_a, uniq_psyche

Skill      XL: |  1  2  3  4  5  6  7  8  9 10 |
---------------+-------------------------------+-----
Fighting       | 3 4 5 6 8 9 10 | 10.2
Maces & Flails | 3 4 5 7 9 |  9.8
Throwing       | 4 5 6 7 8 |  8.4
Dodging        | |  2.8

Action                   |  1- 3 |  4- 6 |  7- 9 | 10-12 || total
-------------------------+-------+-------+-------+-------++-------
Melee: Flail             |    32 |    21 |   111 |    53 ||   217
       Club              |    51 |       |       |       ||    51
       Punch             |     1 |       |     2 |       ||     3
       Giant club        |       |     6 |       |       ||     6
       Mace              |       |       |    62 |       ||    62
Throw: Throwing net      |     1 |       |     2 |       ||     3
       Stone             |    25 |     2 |    13 |    31 ||    71
Invok: Ancestor Life: Kn |     1 |       |       |       ||     1
       Ancestor Identity |     1 |       |       |       ||     1
  Use: Scroll            |     1 |       |     6 |       ||     7
       Potion            |       |       |     4 |     4 ||     8
 Stab: Held in net/web   |     1 |       |     1 |       ||     2
       Distracted        |     1 |     1 |     3 |     1 ||     6
       Sleeping          |       |     2 |       |       ||     2
Armor: Robe              |    31 |     4 |    40 |       ||    75
       Skin              |       |       |    31 |     8 ||    39
       Steam dragon scal |       |       |    18 |    33 ||    51
Dodge: Dodged            |    49 |    17 |    86 |    30 ||   182
